 Dungeon Crawl Stone Soup version 0.31-a0-180-g519b7de00c (webtiles) character file.

Game seed: 11804262977455853348

1107 qw the Chopper (level 8, -2/50 HPs)
             Began as a Gargoyle Fighter on June 19, 2023.
             Slain by a wight
             ... wielding a +4 great sword
              (7 damage)
             ... on level 6 of the Dungeon.
             The game lasted 00:02:17 (4552 turns).

qw the Chopper (Gargoyle Fighter)                   Turns: 4552, Time: 00:02:18

Health: -2/50      AC: 16    Str: 23    XL:     8   Next: 33%
Magic:  8/8        EV:  8    Int:  8    God:
Gold:   249        SH:  4    Dex:  9    Spells: 7/7 levels left

rFire   + . .        Y - +0 war axe
rCold   . . .        c - +0 buckler
rNeg    + . .        i - +0 chain mail
rPois   inf          (no helmet)
rElec   +            (no cloak)
rCorr   .            k - +1 pair of gloves
SInv    .            (no boots)
Will    .....        (no amulet) Stlth
                     e - ring of protection from fire
HPRegen 0.28/turn    m - +4 ring of slaying {mikee}
MPRegen 0.11/turn

%: no passive effects
@: no status effects
A: sickness immunity, AC +5, negative energy resistance 1, electricity
resistance, torment resistance 1, petrification resistance
a: no special abilities


You were on level 6 of the Dungeon.
You visited 1 branch of the dungeon, and saw 6 of its levels.

You collected 249 gold pieces.


Innate Abilities, Weirdness & Mutations

You are immune to sickness and miasma.
Your stone body is resilient. (AC +5)
You are immune to poison.
You resist negative energy. (rN+)
You are resistant to electric shocks. (rElec)
You are resistant to unholy torment.
You are immune to petrification.


   Skills:
 - Level 5.4 Fighting
 + Level 7.7 Axes
 - Level 3.2 Armour
 - Level 2.0 Dodging
 - Level 3.2 Shields


You had 7 spell levels left.
You didn't know any spells.
Your spell library was empty.

Inventory:

Hand Weapons
 h - a +0 morningstar
 Y - a +0 war axe (weapon)
Armour
 c - a +0 buckler (worn)
 i - a +0 chain mail (worn)
 k - a +1 pair of gloves (worn)
Jewellery
 e - a ring of protection from fire (left hand)
 m - a +4 ring of slaying (right hand) {mikee}
Potions
 a - a potion of heal wounds {unknown}
 d - a potion of might
 f - a potion of lignification {unknown}
 g - a potion of curing {unknown}
 j - a potion of mutation {unknown}
 l - a potion of enlightenment {unknown}
 n - a potion of magic {unknown}

Dungeon Overview and Level Annotations

Branches:
Dungeon (6/15)
 Temple: D:4-7

Altars:
Trog
Vehumet
Zin

Shops:
D:5 (

Annotations:
D:3 3 runed translucent doors, qw's ghost, amateur NaHu


Message History

You destroy the wight!
You hit the hound.
The hound is lightly wounded.
The hound bites you but does no damage. x2
You closely miss the hound.
The hound is lightly wounded.
The hound closely misses you. You block the hound's attack.
You barely miss the hound.
The hound is lightly wounded.
The hound bites you. The hound closely misses you.
You slash the hound!
The hound is almost dead.
You block the hound's attack.
You slash the hound!
You kill the hound!
You closely miss the wight. You hit the wight.
The wight is lightly damaged.
You slash the wight!
The wight is severely damaged.
The wight closely misses you.
You barely miss the wight.
The wight is severely damaged.
The wight hits you but does no damage.
You hit the wight.
The wight is almost destroyed.
The wight hits you with a +1 dagger of freezing.
The wight freezes you.
You slash the wight!
You destroy the wight!
The wight hits you with a +4 great sword.
You barely miss the wight.
The wight hits you with a +4 great sword!
You slash the wight!
The wight is severely damaged.
The wight hits you with a +4 great sword!
You hit the wight but do no damage.
The wight is severely damaged.
The wight hits you with a +4 great sword!
You die...

##. .####...
....###......
....#.......
...........
.......z..
.........
........# #
.......<####..##
........z@.....#
......#####.##...
...##. # .$ # .


You could see a wight.

Vanquished Creatures
  Sigmund (D:5)
  Edmund (D:5)
  A centaur (D:3)
  An ogre (D:5)
  2 phantoms (D:5)
  A scorpion (D:4)
  2 wights (D:6)
  A jelly (D:4)
  A hound (D:6)
  2 sleepcaps (D:5)
  Terence (D:2)
  2 orc wizards (D:3)
  A gnoll (D:1)
  4 adders
  A white imp (D:5)
  An ufetubus (D:5)
  2 worms (D:3)
  A dart slug (D:5)
  15 orcs (D:3)
  5 endoplasms
  3 giant cockroaches
  9 goblins
  9 hobgoblins
  3 jackals (D:5)
  7 quokkas
  14 ball pythons
  10 bats
  4 frilled lizards
  3 kobolds
  A rat (D:3)
109 creatures vanquished.

Notes
Turn   | Place    | Note
-------+----------+-------------------------------------------
     0 | D:1      | qw the Gargoyle Fighter began the quest for the Orb.
     0 | D:1      | Reached XP level 1. HP: 14/14 MP: 1/1
     0 | D:1      | 0 ||| qw: Version: 0.3-a-7-ge0c9b40
     0 | D:1      | 0 ||| qw: Game counter: 1057
     0 | D:1      | 0 ||| qw: Always use a shield: true
     0 | D:1      | 0 ||| qw: God list: Okawaru
     0 | D:1      | 0 ||| qw: Allow faded altars: false
     0 | D:1      | 0 ||| qw: Do Orc after D:15 true
     0 | D:1      | 0 ||| qw: Do second Lair branch before Depths: true
     0 | D:1      | 0 ||| qw: Lair rune preference: random
     0 | D:1      | 0 ||| qw: Plans: Normal, Zot:1-4, Slime:5, God:TSO, Crypt,
                  | Tomb, Abyss, Pan, Hells, Win
     0 | D:1      | 0 ||| PLANNING D:1-11
   181 | D:1      | 181 ||| Stepping ~*~*~tactically~*~*~ (stealth).
   188 | D:1      | Reached skill level 2 in Axes
   245 | D:1      | Reached XP level 2. HP: 19/19 MP: 2/2
   254 | D:1      | 254 ||| DROPPING +0 club.
   265 | D:1      | 265 ||| Stepping ~*~*~tactically~*~*~ (stealth).
   376 | D:1      | 376 ||| Stepping ~*~*~tactically~*~*~ (stealth).
   549 | D:1      | Reached skill level 3 in Axes
   587 | D:1      | Reached XP level 3. HP: 23/23 MP: 3/3
   765 | D:1      | 765 ||| UPGRADING to +1 pair of gloves.
   770 | D:1      | 770 ||| READING scroll labelled XOFFYT WUOMEU.
   774 | D:1      | 774 ||| READING scroll labelled HIRIEW TOURA.
   775 | D:1      | 775 ||| DRINKING 2 dark potions.
   776 | D:1      | 776 ||| DROPPING potion of brilliance.
   817 | D:2      | 817 ||| Stepping ~*~*~tactically~*~*~ (stealth).
  1088 | D:2      | Noticed Terence
  1105 | D:2      | Killed Terence
  1106 | D:2      | Reached skill level 4 in Axes
  1106 | D:2      | Reached XP level 4. HP: 10/28 MP: 4/4
  1177 | D:2      | 1177 ||| Stepping ~*~*~tactically~*~*~ (stealth).
  1179 | D:2      | 1179 ||| Stepping ~*~*~tactically~*~*~ (stealth).
  1331 | D:2      | 1331 ||| Stepping ~*~*~tactically~*~*~ (stealth).
  1332 | D:2      | 1332 ||| Stepping ~*~*~tactically~*~*~ (stealth).
  1334 | D:2      | 1334 ||| Stepping ~*~*~tactically~*~*~ (stealth).
  1429 | D:2      | 1429 ||| UPGRADING to +0 chain mail.
  1439 | D:2      | 1439 ||| DROPPING +0 scale mail.
  1440 | D:2      | 1440 ||| UPGRADING to ring of protection from fire.
  1441 | D:2      | 1441 ||| READING scroll labelled DOSEWI CUABUL.
  1442 | D:2      | 1442 ||| READING scroll labelled UQUEMU CUORCHOJI.
  1443 | D:2      | 1443 ||| READING scroll labelled HUWNOA HOFY.
  1475 | D:3      | 1475 ||| STAIRDANCE
  1614 | D:3      | 1614 ||| Stepping ~*~*~tactically~*~*~ (hiding).
  1629 | D:3      | 1629 ||| Stepping ~*~*~tactically~*~*~ (stealth).
  1630 | D:3      | 1630 ||| FLEEEEING.
  1641 | D:3      | Reached XP level 5. HP: 29/32 MP: 5/5
  1673 | D:3      | Found a runed translucent gate.
  1673 | D:3      | Found a runed translucent gate.
  1673 | D:3      | Found a runed translucent gate.
  1710 | D:3      | 1710 ||| Stepping ~*~*~tactically~*~*~ (stealth).
  1711 | D:3      | 1711 ||| Stepping ~*~*~tactically~*~*~ (stealth).
  1822 | D:3      | Reached skill level 5 in Axes
  1894 | D:3      | Noticed a centaur
  1895 | D:3      | 1895 ||| Stepping ~*~*~tactically~*~*~ (hiding).
  1898 | D:3      | 1898 ||| Stepping ~*~*~tactically~*~*~ (hiding).
  1912 | D:3      | Killed a centaur
  1913 | D:3      | Reached XP level 6. HP: 20/39 MP: 6/6
  2153 | D:3      | 2153 ||| Stepping ~*~*~tactically~*~*~ (stealth).
  2403 | D:3      | 2403 ||| DROPPING +0 mace.
  2407 | D:3      | 2407 ||| DROPPING +0 flail.
  2601 | D:3      | Noticed qw's ghost (amateur NaHu)
  2626 | D:3      | 2626 ||| READING scroll labelled ANAEFO GIGHUO.
  2846 | D:4      | Found a bloodstained altar of Trog.
  2969 | D:4      | Found a radiant altar of Vehumet.
  3546 | D:4      | 3546 ||| UPGRADING to +4 ring of slaying {mikee}.
  3547 | D:4      | 3547 ||| READING scroll labelled KEBLIU FETHRUXO.
  3568 | D:5      | Entered Level 5 of the Dungeon
  3585 | D:5      | Reached skill level 6 in Axes
  3678 | D:5      | Noticed Edmund
  3690 | D:5      | Killed Edmund
  3691 | D:5      | Reached XP level 7. HP: 36/44 MP: 7/7
  3844 | D:5      | Found Ohinamar's Weapon Shop.
  3844 | D:5      | Noticed Sigmund
  3846 | D:5      | 3846 ||| Stepping ~*~*~tactically~*~*~ (hiding).
  3847 | D:5      | 3847 ||| Stepping ~*~*~tactically~*~*~ (hiding).
  3861 | D:5      | Killed Sigmund
  3862 | D:5      | Reached skill level 7 in Axes
  4016 | D:5      | 4016 ||| Stepping ~*~*~tactically~*~*~ (hiding).
  4137 | D:5      | Reached XP level 8. HP: 50/50 MP: 8/8
  4414 | D:5      | Found a glowing silver altar of Zin.
  4522 | D:5      | 4522 ||| READING scroll labelled FAESCHU MEXZO.
  4523 | D:5      | 4523 ||| READING scroll labelled ZAICIARH UCOG.
  4524 | D:5      | 4524 ||| READING scroll labelled HOER DIKKUN JEA.
  4525 | D:5      | 4525 ||| READING scroll labelled QUYTAO WAIJAUTZOABB.
  4532 | D:6      | 4532 ||| Stepping ~*~*~tactically~*~*~ (stealth).
  4533 | D:6      | 4533 ||| Stepping ~*~*~tactically~*~*~ (stealth).
  4550 | D:6      | HP: 12/50 [wight/+4 great sword (15)]
  4551 | D:6      | HP: 5/50 [wight/+4 great sword (7)]
  4552 | D:6      | Slain by a wight

Levels and vault maps discovered:
D:1:      dreamdust_arrival_beginning_and_end, layout_basic, serial_curves,
          eino_curves_02, eino_curves_01, eino_curves_03, eino_curves_01,
          chequers_serial_rivers_micro_d
D:2:      layout_rooms, dreamdust_princess_corridor, minmay_misc_feat_cross,
          uniq_terence
D:3:      layout_basic, gammafunk_ghost_icy
D:4:      layout_basic, mainiacjoe_overflow_tiny_flanked, vehumet_altar_wand_db,
          mrwooster_statue_mirror
D:5:      layout_basic, mainiacjoe_overflow_catwalk, serial_shops, shop,
          uniq_edmund, uniq_sigmund
D:6:      layout_cave_pools, mainiacjoe_overflow_alcove_1, kennysheep_mini_moat,
          minmay_temple_entry_butterflies

Skill      XL: |  1  2  3  4  5  6  7 |
---------------+----------------------+-----
Axes           | 2 3 4 5 6 7 |  7.7
Fighting       | 4 5 |  5.4
Dodging        | 2 |  2.0
Armour         | |  3.2
Shields        | |  3.2

Action                     |  1- 3 |  4- 6 |  7- 9 || total
---------------------------+-------+-------+-------++-------
  Melee: War axe           |   105 |   208 |    66 ||   379
    Use: Scroll            |     2 |     5 |     4 ||    11
         Potion            |     1 |       |       ||     1
 Armour: Scale mail        |    76 |     7 |       ||    83
         Chain mail        |       |   122 |    27 ||   149
  Dodge: Dodged            |    45 |    66 |    13 ||   124
  Block: Buckler           |    18 |    38 |     5 ||    61

Table legend:
 A = Non-vault XP
 B = Vault XP
 C = Vault XP percentage of total XP
 D = Non-vault monster count
 E = Vault monster count
 F = Vault count percentage of total count
                 A         B        C        D         E       F
            +---------+---------+-------+---------+---------+-------
      Total |    1153 |     429 |  27.1 |     105 |       4 |   3.7
            +---------+---------+-------+---------+---------+-------
        D:1 |      46 |       0 |   0.0 |      23 |       0 |   0.0
        D:2 |      40 |      36 |  47.4 |      18 |       1 |   5.3
        D:3 |     257 |       0 |   0.0 |      28 |       0 |   0.0
        D:4 |     163 |       1 |   0.6 |      17 |       1 |   5.6
        D:5 |     463 |     392 |  45.8 |      16 |       2 |  11.1
        D:6 |     184 |       0 |   0.0 |       3 |       0 |   0.0
            +---------+---------+-------+---------+---------+-------
